 Dungeon Crawl Stone Soup version 0.25.0-26-g0c896c7 (webtiles) character file.

Game seed: 556568853909333246

75273 ryw the Black Belt (level 15, -14/122 HPs)
             Began as a Demonspawn Monk on June 23, 2020.
             Was a High Priest of Okawaru.
             Demolished by an orc warlord
             ... wielding a +1 glaive of holy wrath
              (61 damage)
             ... on level 2 of the Orcish Mines on July 2, 2020.
             The game lasted 00:56:21 (29480 turns).

ryw the Black Belt (Demonspawn Monk)               Turns: 29480, Time: 00:56:21

Health: -14/122    AC: 20    Str: 19    XL:     15   Next: 9%
Magic:  20/20      EV: 17    Int: 15    God:    Okawaru [*****.]
Gold:   1894       SH: 13    Dex: 17    Spells: 18/19 levels left

rFire    . . .     SeeInvis .     - Unarmed
rCold    + . .     Gourm    .   t - +3 buckler
rNeg     . . .     Faith    .   k - +7 scale mail of Taogil {Slay+3}
rPois    +         Spirit   .   T - +3 hat of Absence {rPois Stlth+}
rElec    +         Reflect  +   D - scarf {repulsion}
rCorr    .         Harm     .   (gloves unavailable)
MR       +....                  (boots unavailable)
Stlth    +++.......             N - amulet of reflection
HPRegen  0.30/turn              g - ring of Naov {rElec rC+}
MPRegen  0.17/turn              P - +6 ring of strength

@: heroism, lightly drained, repel missiles
A: claws 3, hooves 3, horns 2, mutation resistance 1, spiny 2, rot immunity
a: Heroism, Finesse, Renounce Religion


You were on level 2 of the Orcish Mines.
You worshipped Okawaru.
Okawaru was extremely pleased with you.
You were not hungry.

You visited 3 branches of the dungeon, and saw 21 of its levels.
You also visited: Sewer.

You collected 1894 gold pieces.

Inventory:

Missiles
 e - 82 poisoned darts (quivered)
 l - 18 javelins
Armour
 k - the +7 scale mail of Taogil (worn) {Slay+3}
   (Okawaru gifted it to you on level 9 of the Dungeon)

   It affects your accuracy and damage with ranged weapons and melee attacks
   (+3).
 t - a +3 buckler (worn)
 D - a scarf of repulsion (worn)
 T - the +3 hat of Absence (worn) {rPois Stlth+}
   (Okawaru gifted it to you on level 12 of the Dungeon)

   It protects you from poison.
   It makes you more stealthy.
Jewellery
 g - the ring of Naov (left claw) {rElec rC+}
   (You acquired it on level 13 of the Dungeon)

   [ring of protection from cold]

   It protects you from cold.
   It insulates you from electricity.
 m - an uncursed amulet of faith
 q - an uncursed ring of stealth
 y - an uncursed ring of flight
 z - the ring "Volunt" {rF+ rC+ rN+++ MR+ Int-4 Stlth+}
   (You took it off a deep elf mage on level 13 of the Dungeon)

   [ring of stealth]

   It affects your intelligence (-4).
   It protects you from fire.
   It protects you from cold.
   It renders you almost immune to negative energy.
   It affects your resistance to hostile enchantments.
   It makes you more stealthy.
 N - an amulet of reflection (around neck)
 P - a +6 ring of strength (right claw)
Wands
 v - a wand of enslavement (19)
 B - a wand of iceblast (15)
 G - a wand of clouds (11)
 J - a wand of flame (40)
 K - a wand of disintegration (14)
 R - a wand of polymorph (9)
 S - a wand of random effects (9)
Scrolls
 a - 2 scrolls of fear
 c - 5 scrolls of remove curse
 d - 2 scrolls of blinking
 f - 3 scrolls of amnesia
 i - 7 scrolls of identify
 n - 15 scrolls of teleportation
 r - 2 scrolls of noise
 w - a scroll of fog
 F - 3 scrolls of enchant armour
 M - a scroll of magic mapping
Potions
 h - 9 potions of curing
 j - 4 potions of stabbing
 o - 3 potions of lignification
 p - 5 potions of flight
 s - a potion of magic
 u - 2 potions of heal wounds
 x - 2 potions of brilliance
 A - a potion of mutation
 C - a potion of berserk rage
 L - a potion of might
Miscellaneous
 I - a phantom mirror
Comestibles
 b - 26 rations
 E - 10 chunks of flesh


   Skills:
 + Level 12.4(16.9) Fighting
   Level 2.4(7.0) Polearms
 + Level 11.1(15.6) Armour
 - Level 6.4(10.9) Dodging
 - Level 1.7(6.3) Stealth
 * Level 16.5(20.9) Unarmed Combat
 - Level 2.9(2.5) Spellcasting
 - Level 2.6(2.3) Summonings
 - Level 7.3(6.9) Invocations


You had 18 spell levels left.
You knew the following spells:

 Your Spells              Type           Power        Failure   Level  Hunger
a - Summon Small Mammal   Summ           #...         17%         1    #......

Your spell library contained the following spells:

 Spells                   Type           Power        Failure   Level  Hunger
 Call Imp                 Summ           #.......     26%         2    ###....
 Magic Dart               Conj           #...         41%         1    #......
 Call Canine Familiar     Summ           #.......     45%         3    ###....
 Ensorcelled Hibernation  Hex/Ice        #.....       56%         2    ###....
 Searing Ray              Conj           #.....       56%         2    ###....
 Slow                     Hex            #.......     56%         2    ###....
 Summon Guardian Golem    Hex/Summ       #.......     63%         3    ###....
 Confusing Touch          Hex            #.......     80%         3    ###....
 Dazzling Flash           Conj/Hex       #.....       80%         3    ###....
 Gell's Gravitas          Tloc           #.........   80%         3    ###....
 Summon Ice Beast         Ice/Summ       #.......     95%         4    #####..
 Summon Lightning Spire   Summ/Air       #.......     95%         4    #####..
 Fulminant Prism          Conj/Hex       #.........   99%         4    #####..
 Ice Form                 Ice/Tmut       #.......     99%         4    #####..
 Iskenderun's Mystic Bla  Conj/Tloc      #.......     99%         4    #####..
 Petrify                  Tmut/Erth      #.......     99%         4    #####..
 Borgnjor's Vile Clutch   Necr/Erth      #.........   100%        5    ######.
 Excruciating Wounds      Chrm/Necr      #.........   100%        5    ######.
 Metabolic Englaciation   Hex/Ice        #.........   100%        5    ######.
 Silence                  Hex/Air        #.........   100%        5    ######.
 Yara's Violent Unravell  Hex/Tmut       #.........   100%        5    ######.
 Darkness                 Hex            #.........   100%        6    #######
 Freezing Cloud           Conj/Ice/Air   #.........   100%        6    #######
 Ozocubu's Refrigeration  Ice            #.........   100%        6    #######
 Shadow Creatures         Summ           N/A          100%        6    #######
 Simulacrum               Ice/Necr       #.........   100%        6    #######


Dungeon Overview and Level Annotations

Branches:
Dungeon (14/15)            Temple (0/1) D:6            Lair (6/6) D:9
 Shoals (0/4) Lair:3       Spider (0/4) Lair:2        Slime (0/5) Lair:6
    Orc (2/2) D:12          Sewer (visited)
    Elf: Orc:2       Vaults: D:13-14

Altars:
Cheibriados
Fedhas
Okawaru
Sif Muna
Yredelemnul

Shops:
D:9 *   D:14 :

Annotations:
D:8 3 runed translucent doors, popps's ghost, novice DsFi
D:9 3 runed translucent doors, exclusion: orange crystal statue


Innate Abilities, Weirdness & Mutations

You have claws for hands.
You have hooves in place of feet.
You have a pair of horns on your head.
You are mostly covered in sharp spines.
You are immune to rotting.
You are somewhat resistant to further mutation.


Message History

The magic dart hits you but does no damage.
The orc wizard gestures wildly while chanting.
The orc wizard seems to speed up.
You eviscerate the orc warrior!!!
You kill the orc warrior!
Okawaru accepts your kill. The orc is struck by your spines.
The orc misses you.
Unknown command.
You closely miss the orc. Your kick misses the orc. You headbutt the orc.
You kill the orc!
The orc warrior hits you from afar with a +0 glaive!
Unknown command.
You mangle the orc warlord!!
You kick the orc warlord, but do no damage.
The orc warlord is moderately wounded.
You block the orc's attack.
The orc warlord hits you with a +1 glaive of holy wrath!!!
You convulse!!!
Ouch! That really hurt!
You die...

........ ........
#...o§# #..ooo#
#8ooo8###
#...oo#.##
..#....)#@o####.
$.....oooo)o..o..
.......o){...o...
.................
.##..............
#...............
#...............
.................
................


You could see an orc warlord (strong), an orc knight (strong), an orc sorcerer
(strong), 2 orc warriors, an orc wizard (fast) and 3 orcs.

Vanquished Creatures
  Frances (D:12)
  The ghost of SpecialK6886 the Carver, a journeyman BaFi of Cheibriados (Lair:6)
  The ghost of SpecialK6886 the Carver, a journeyman BaFi of Cheibriados (Lair:5)
  Azrael (D:13)
  A minotaur (Lair:5)
  4 hydras
  3 catoblepae (Lair:6)
  A centaur warrior (D:13)
  A death knight (D:13)
  2 two-headed ogres
  12 death yaks
  2 tengu warriors
  A deep troll shaman (Lair:6)
  3 deep elf knights
  2 unseen horrors
  An orc knight (Orc:2)
  A lindwurm (Lair:6)
  A deep elf archer (D:13)
  16 deep elf magi
  An orc sorcerer (Orc:2)
  An ugly thing (D:12)
  An oklob plant (Lair:3)
  7 elephants
  4 manticores
  Joseph (D:7)
  2 black mambas (Lair:6)
  12 spiny frogs
  2 gargoyles
  5 rime drakes
  A freezing wraith (D:13)
  5 komodo dragons
  2 tengu conjurers (D:12)
  4 trolls
  2 polar bears (Lair:4)
  24 blink frogs
  7 hippogriffs
  5 slime creatures (D:12)
  2 redbacks (Lair:2)
  A spriggan (D:8)
  A vampire (D:12)
  3 wraiths
  3 shadows
  2 wyverns
  17 yaks
  3 fire elementals (D:13)
  A basilisk (Lair:2)
  Grum (D:8)
  2 humans (D:10)
  5 vampire mosquitoes (D:13)
  3 hydra simulacra (Lair:6)
  12 water moccasins
  15 porcupines
  2 hell hounds (D:13)
  3 black bears
  9 orc warriors
  3 ice beasts
  A phantom (D:11)
  A black mamba simulacrum (Lair:6)
  A sky beast (D:6)
  2 ogres
  4 necrophages (D:9)
  21 centaurs
  12 crocodiles
  19 wolves
  4 big kobolds
  A gnoll sergeant (D:6)
  18 bullfrogs
  A wyvern zombie (D:9)
  A wyvern skeleton (D:14)
  2 scorpions
  13 killer bees
  5 wights (D:12)
  11 howler monkeys
  4 electric eels (Lair:5)
  10 crimson imps
  A quasit (D:9)
  3 bullfrog zombies
  6 centaur zombies
  4 jellies
  8 orc wizards
  A bullfrog skeleton (D:10)
  2 hounds
  4 orc priests
  7 centaur skeletons
  Jessica (D:2)
  A gnoll shaman (Orc:1)
  5 iguanas
  6 worker ants
  A hound zombie (D:9)
  2 worker ant zombies
  10 gnolls
  4 adders
  A river rat (Sewer)
  6 shadow imps
  6 oozes
  3 adder zombies
  An adder skeleton (D:9)
  2 worms
  A dart slug (D:1)
  5 leopard geckos
  38 orcs
  A giant cockroach (D:5)
  2 gnoll zombies (D:8)
  7 goblins
  5 hobgoblins
  5 jackals
  3 quokkas
  3 bats
  A frilled lizard (D:1)
  25 kobolds
  A leopard gecko skeleton (D:7)
  7 rats
  A bush (Lair:3)
550 creatures vanquished.

Vanquished Creatures (others)
  A centaur zombie (D:13)
  Edmund (D:6)
  A black mamba simulacrum (Lair:6)
  A centaur (D:12)
  2 howler monkeys (D:13)
  A komodo dragon simulacrum (Lair:6)
  An orc wizard (D:13)
  A bush (D:9)
  11 fungi
  22 plants
42 creatures vanquished.

Grand Total: 592 creatures vanquished

Notes
Turn   | Place    | Note
-------+----------+-------------------------------------------
     0 | D:1      | ryw the Demonspawn Monk began the quest for the Orb.
     0 | D:1      | Reached XP level 1. HP: 18/18 MP: 1/1
   197 | D:1      | Gained mutation: You are partially covered in sharp spines.
                  | [demonic ancestry]
   197 | D:1      | Reached XP level 2. HP: 24/24 MP: 2/2
   828 | D:2      | You fall into a shaft and drop 1 floor!
  1066 | D:3      | Reached XP level 3. HP: 27/30 MP: 3/3
  1185 | D:2      | Noticed Jessica
  1197 | D:2      | Killed Jessica
  1258 | D:2      | Found a snail-covered altar of Cheibriados.
  1841 | D:3      | Reached XP level 4. HP: 38/38 MP: 4/4
  1914 | D:3      | Found an iron altar of Okawaru.
  1917 | D:3      | Reached skill level 5 in Fighting
  1933 | D:3      | Became a worshipper of Warmaster Okawaru
  1933 | D:3      | Reached * piety under Okawaru
  1933 | D:3      | Reached ** piety under Okawaru
  1956 | D:3      | You fall into a shaft and drop 2 floors!
  1956 | D:5      | Entered Level 5 of the Dungeon
  2002 | D:5      | Noticed an ogre
  2013 | D:5      | Killed an ogre
  2013 | D:5      | Gained mutation: You have large cloven feet. [demonic
                  | ancestry]
  2013 | D:5      | Reached XP level 5. HP: 30/46 MP: 5/5
  2541 | D:5      | Found a glowing drain.
  2578 | Sewer    | Entered a sewer
  2777 | Sewer    | Gained mutation: You have sharp fingernails. [demonic
                  | ancestry]
  2777 | Sewer    | Reached XP level 6. HP: 53/53 MP: 6/6
  2886 | Sewer    | Found a white marble altar of Elyvilon.
  2968 | D:5      | Learned a level 1 spell: Summon Small Mammal
  3029 | D:5      | Reached skill level 1 in Spellcasting
  3258 | D:5      | Reached *** piety under Okawaru
  3474 | D:5      | Gained mutation: You have hoof-like feet. [demonic
                  | ancestry]
  3474 | D:5      | Reached XP level 7. HP: 60/60 MP: 7/9
  3797 | D:6      | Reached skill level 1 in Polearms
  3797 | D:6      | Reached skill level 1 in Summonings
  4084 | D:6      | Noticed Edmund
  5613 | D:6      | Killed Edmund
  5769 | D:6      | Found a shimmering blue altar of Sif Muna.
  5793 | D:6      | Gained mutation: You have a pair of small horns on your
                  | head. [demonic ancestry]
  5793 | D:6      | Reached XP level 8. HP: 42/67 MP: 12/12
  5806 | D:6      | Reached skill level 3 in Unarmed Combat
  6164 | D:6      | Found a staircase to the Ecumenical Temple.
  6326 | D:7      | Noticed Joseph
  6581 | D:6      | Reached skill level 4 in Unarmed Combat
  6826 | D:7      | Reached skill level 5 in Unarmed Combat
  7065 | D:7      | Killed Joseph
  7065 | D:7      | Reached **** piety under Okawaru
  7065 | D:7      | Reached skill level 6 in Unarmed Combat
  7419 | D:7      | Noticed a hippogriff
  7434 | D:7      | Killed a hippogriff
  7434 | D:7      | Reached skill level 7 in Unarmed Combat
  7434 | D:7      | Gained mutation: You have a pair of horns on your head.
                  | [demonic ancestry]
  7434 | D:7      | Reached XP level 9. HP: 21/72 MP: 10/13
  7833 | D:7      | Reached skill level 8 in Unarmed Combat
  8181 | D:8      | Found a runed translucent gate.
  8181 | D:8      | Found a runed translucent gate.
  8194 | D:8      | Found a runed translucent gate.
  8194 | D:8      | Noticed popps's ghost (novice DsFi)
  8253 | D:8      | Noticed Grum
  8472 | D:8      | Killed Grum
  8773 | D:8      | Reached skill level 9 in Unarmed Combat
  9223 | D:8      | Found a basalt altar of Yredelemnul.
  9374 | D:9      | Reached ***** piety under Okawaru
  9396 | D:9      | Found Pusuz's Mass Market.
  9750 | D:9      | Noticed an elephant
  9832 | D:9      | Reached skill level 10 in Unarmed Combat
  9909 | D:9      | Killed an elephant
  9909 | D:9      | Reached XP level 10. HP: 54/79 MP: 11/14
 10030 | D:9      | Found a staircase to the Lair.
 10081 | D:9      | Found a runed translucent door.
 10093 | D:9      | Noticed a two-headed ogre
 10187 | D:9      | Found a runed translucent door.
 10211 | D:9      | Noticed an orange crystal statue
 10227 | D:9      | Found a runed translucent door.
 10235 | D:9      | Found a runed translucent door.
 10292 | D:9      | Killed a two-headed ogre
 10292 | D:9      | Received a gift from Okawaru
 10292 | D:9      | Reached skill level 11 in Unarmed Combat
 10295 | D:9      | Got a bloodstained scale mail {god gift}
 10306 | D:9      | Identified the +7 scale mail of Taogil {Slay+3} (Okawaru
                  | gifted it to you on level 9 of the Dungeon)
 10473 | D:9      | Found a blossoming altar of Fedhas.
 10588 | D:9      | Reached skill level 1 in Armour
 10660 | Lair:1   | Entered Level 1 of the Lair of Beasts
 10713 | Lair:1   | Noticed a spiny frog
 10737 | Lair:1   | Killed a spiny frog
 10763 | Lair:1   | Reached skill level 5 in Armour
 11661 | Lair:1   | Reached skill level 1 in Invocations
 12031 | Lair:2   | Gained mutation: You are mostly covered in sharp spines.
                  | [demonic ancestry]
 12031 | Lair:2   | Reached XP level 11. HP: 61/84 MP: 15/15
 12185 | Lair:2   | Upgraded the game from 0.25.0-10-g039870e to
                  | 0.25.0-26-g0c896c7
 12653 | Lair:2   | Received a gift from Okawaru
 12785 | Lair:2   | Found a hole to the Spider Nest.
 12795 | Lair:2   | Noticed a five-headed hydra
 12805 | Lair:2   | Killed a five-headed hydra
 12805 | Lair:2   | Reached skill level 12 in Unarmed Combat
 12805 | Lair:2   | Reached skill level 5 in Invocations
 13351 | Lair:2   | Noticed an eight-headed hydra
 13362 | Lair:2   | Killed an eight-headed hydra
 13886 | Lair:3   | Gained mutation: You have hooves in place of feet. [demonic
                  | ancestry]
 13886 | Lair:3   | Reached XP level 12. HP: 94/94 MP: 16/16
 14211 | Lair:3   | Found a staircase to the Shoals.
 15533 | Lair:4   | Noticed a seven-headed hydra
 15535 | Lair:4   | Received a gift from Okawaru
 15554 | Lair:4   | Killed a seven-headed hydra
 15554 | Lair:4   | Reached skill level 13 in Unarmed Combat
 17005 | Lair:5   | Noticed a five-headed hydra
 17022 | Lair:5   | Killed a five-headed hydra
 17242 | Lair:5   | Noticed a minotaur
 17242 | Lair:5   | Noticed SpecialK6886's ghost (journeyman BaFi)
 17267 | Lair:5   | Found a runed translucent gate.
 17267 | Lair:5   | Found a runed translucent gate.
 17267 | Lair:5   | Found a runed translucent gate.
 17302 | Lair:5   | Killed SpecialK6886's ghost
 17310 | Lair:5   | Killed a minotaur
 17310 | Lair:5   | Reached skill level 10 in Fighting
 17902 | Lair:5   | Noticed a death yak
 17903 | Lair:5   | Noticed a death yak
 17903 | Lair:5   | Noticed a death yak
 17903 | Lair:5   | Noticed a death yak
 17904 | Lair:5   | Noticed a death yak
 17905 | Lair:5   | Noticed a death yak
 17914 | Lair:4   | Killed a death yak
 18082 | Lair:5   | Got a pitted shortbow
 18129 | Lair:5   | Killed a death yak
 18129 | Lair:5   | Gained mutation: You have very sharp fingernails. [demonic
                  | ancestry]
 18129 | Lair:5   | Reached XP level 13. HP: 89/103 MP: 16/18
 18146 | Lair:5   | Reached skill level 14 in Unarmed Combat
 18465 | Lair:5   | Received a gift from Okawaru
 19085 | Lair:6   | Entered Level 6 of the Lair of Beasts
 19100 | Lair:6   | Found a staircase to the Slime Pits.
 19177 | Lair:6   | Found a runed translucent gate.
 19177 | Lair:6   | Found a runed translucent gate.
 19179 | Lair:6   | Found a runed translucent gate.
 19206 | Lair:6   | Noticed SpecialK6886's ghost (journeyman BaFi)
 19267 | Lair:6   | Killed SpecialK6886's ghost
 21349 | Lair:6   | Reached skill level 15 in Unarmed Combat
 21351 | Lair:6   | Received a gift from Okawaru
 21366 | Lair:6   | Reached ****** piety under Okawaru
 22127 | D:10     | Entered Level 10 of the Dungeon
 22384 | D:10     | Reached skill level 10 in Armour
 22713 | D:10     | Gained mutation: You have claws for hands. [demonic
                  | ancestry]
 22713 | D:10     | Reached XP level 14. HP: 99/113 MP: 19/19
 22768 | D:10     | Found an iron altar of Okawaru.
 24293 | D:12     | Found a staircase to the Orcish Mines.
 24684 | D:12     | Reached skill level 5 in Dodging
 25698 | D:12     | Received a gift from Okawaru
 25707 | D:12     | Got a warped hat {god gift}
 25764 | D:12     | Identified the +3 hat of Absence {rPois Stlth+} (Okawaru
                  | gifted it to you on level 12 of the Dungeon)
 26014 | D:13     | Noticed Azrael
 26382 | D:13     | Killed Azrael
 26562 | D:13     | Identified 2 scrolls of acquirement
 26576 | D:13     | Identified the cursed +0 shortbow of Zeman {flame, *Corrode
                  | *Drain rPois rC++} (You found it on level 5 of the Lair of
                  | Beasts)
 26579 | D:13     | Gained mutation: You are somewhat resistant to further
                  | mutation. [potion of mutation]
 26580 | D:13     | Got the ring of Naov {rElec rC+}
 27040 | D:13     | Noticed Frances
 27525 | D:12     | Reached skill level 16 in Unarmed Combat
 27819 | D:12     | Killed Frances
 28113 | D:13     | Identified the +9 great sword "Notsil" {distort, *Drain
                  | +Rage rElec rC-}
 28113 | D:13     | Identified the ring "Volunt" {rF+ rC+ rN+++ MR+ Int-4
                  | Stlth+}
 28220 | D:13     | Identified the Reference Book on Helpful Execration
 28822 | D:14     | Found Juacw's Book Shoppe.
 28868 | D:14     | Gained mutation: You are immune to rotting. [demonic
                  | ancestry]
 28868 | D:14     | Reached XP level 15. HP: 110/122 MP: 20/20
 29124 | Orc:1    | Entered Level 1 of the Orcish Mines
 29441 | Orc:2    | Entered Level 2 of the Orcish Mines
 29446 | Orc:2    | Noticed an orc warlord
 29480 | Orc:2    | Demolished by an orc warlord

Illustrated notes

Levels and vault maps discovered:
D:1:      minmay_arrival_plants_in_alcoves, layout_basic
D:2:      layout_basic, lemuel_crystal_altar, uniq_jessica
D:3:      layout_basic, lemuel_crystal_altar, first_ration,
          minmay_misc_feat_room
D:5:      layout_loops_corners, cheibrodos_sewer_entry_bend
D:6:      layout_basic, nicolae_overflow_hidden_temple, lemuel_doored_altar,
          lemuel_temple_firewalk_b, enter_ossuary_1, solitary_fountain,
          uniq_edmund
D:7:      layout_basic, uniq_joseph
D:8:      layout_loops_cross, lemuel_zombie_altar_yredelemnul,
          gammafunk_ghost_spectres, the_bakery, uniq_grum
D:9:      layout_big_octagon, fedhas_altar_decomposition, david_lair_generic,
          serial_park, minmay_shop_mass, minmay_statue_crystal_thing
D:10:     layout_roguey, okawaru_humans
D:11:     layout_grid_maze, corner_web_ring
D:12:     layout_irregular_city, orc_0_dummy
D:13:     minmay_elf_outpost, layout_long_grid, uniq_azrael, uniq_frances
D:14:     layout_cave_pools, david_vaults_2, serial_shops, shop_fountains,
          nicolae_dithmenos_through_a_glass_darkly
Lair:1:   layout_small_grid
Lair:2:   layout_loops_ring, spider_nest_entry_webs, beast_lair_carwin_7
Lair:3:   layout_regular_city, minmay_shoals_entry_centaurs,
          minmay_lair_oklob_bushes
Lair:4:   layout_long_grid, gauntlet_entry_generic, grunt_megastairs_1
Lair:5:   layout_long_grid, maelrawn_ghost_gauntlet_escape,
          chequers_serial_rivers_large_a, serial_bayou_lake_a
Lair:6:   grunt_lair_end_beastmaster, layout_regular_city,
          nicolae_slime_entry_slimehenge, gammafunk_ghost_icy
Orc:1:    layout_caves, uniq_urug
Orc:2:    grunt_orc_cross, layout_caves, uniq_nessos

Skill      XL: |  1  2  3  4  5  6  7  8  9 10 11 12 13 14 |
---------------+-------------------------------------------+-----
Fighting       | 4 6 7 8 10 11 12 | 12.4
Dodging        | 3 4 6 |  6.4
Spellcasting   | 1 2 |  2.9
Polearms       | 2 |  2.4
Summonings     | 2 |  2.6
Unarmed Combat | 7 10 11 12 13 15 16 | 16.5
Armour         | 5 7 8 10 11 | 11.1
Invocations    | 2 6 7 |  7.3
Stealth        | |  1.7

Action                   |  1- 3 |  4- 6 |  7- 9 | 10-12 | 13-15 || total
-------------------------+-------+-------+-------+-------+-------++-------
Melee: Spear             |    94 |   154 |   118 |       |       ||   366
       Unarmed           |     1 |       |   143 |   342 |   639 ||  1125
       Kick              |       |    30 |    73 |   126 |   215 ||   444
       Punch             |       |     3 |    11 |    18 |    45 ||    77
       Headbutt          |       |       |    26 |    71 |   142 ||   239
Throw: Dart              |       |     8 |     6 |    15 |     1 ||    30
Invok: Heroism           |       |       |    10 |    13 |    14 ||    37
       Finesse           |       |       |       |     2 |     2 ||     4
  Use: Potion            |       |       |     5 |       |     5 ||    10
       Scroll            |       |       |    13 |     5 |    13 ||    31
 Stab: Sleeping          |     4 |     2 |     2 |       |       ||     8
       Distracted        |     1 |       |     1 |       |       ||     2
       Held in net/web   |       |       |       |     1 |       ||     1
  Eat: Chunk             |     2 |     6 |    13 |    22 |    29 ||    72
       Ration            |       |       |     2 |     1 |     2 ||     5
Armor: Robe              |     6 |    13 |    42 |     1 |       ||    62
       Chain mail        |    10 |     8 |       |       |       ||    18
       Scale mail        |       |       |       |   142 |   263 ||   405
Dodge: Dodged            |    42 |    70 |   184 |   181 |   309 ||   786
       Repelled          |       |       |       |       |    41 ||    41
Block: Buckler           |       |       |       |       |    84 ||    84
       Other             |       |       |       |       |    13 ||    13
       Reflection        |       |       |       |       |    18 ||    18
